 Dungeon Crawl Stone Soup version 0.20-a0-17-g69bea3c (webtiles) character file.

29695 KristoblXynda the Grappler (level 13, -2/115 HPs)
             Began as a Troll Monk on Nov 5, 2016.
             Was the Champion of Cheibriados.
             Killed by divine providence
             ... invoked by an orc high priest
              (11 damage)
             ... on level 2 of the Orcish Mines.
             The game lasted 00:32:26 (11682 turns).

KristoblXynda the Grappler (Troll Monk)            Turns: 11682, Time: 00:32:26

Health: -2/115     AC:  9    Str: 36    XL:     13   Next: 16%
Magic:  0/14       EV: 16    Int: 24    God:    Cheibriados [******]
Gold:   1099       SH: 29    Dex: 41    Spells: 0 memorised, 12 levels left

rFire  . . .     SeeInvis +       - Unarmed
rCold  + . .     Gourm    +     F - +0 robe
rNeg   . . .     Faith    .     d - +5 large shield of Evuseepo {*Corrode rPois Dex+8 SInv}
rPois  +         Spirit   +     f - +2 hat
rElec  .         Reflect  .     g - +0 cloak
rCorr  .         Harm     .     (gloves unavailable)
MR     .....     Clarity  +     (boots unavailable)
Stlth  +++.......               D - amulet of guardian spirit
                                B - ring of magical power
                                I - ring "Uxole" {MP-9 AC+2 Str-2 Dex+6 Slay+4}

@: very slow
A: unfitting armour, claws 3, repulsion field 1, blurry vision 1, clarity, cold
resistance 1, deformed body, fast metabolism 3, gourmand, regeneration 1, shaggy
fur 1, tough skin 2, wild magic 1
a: Bend Time, Temporal Distortion, Slouch, Step From Time, Renounce Religion


You were on level 2 of the Orcish Mines.
You worshipped Cheibriados.
Cheibriados was exalted by your worship.
You were completely stuffed.

You visited 3 branches of the dungeon, and saw 14 of its levels.
You also visited: Sewer.

You collected 1154 gold pieces.
You spent 55 gold pieces at shops.

Inventory:

Missiles
 p - 26 large rocks
 A - 3 throwing nets (quivered)
Armour
 d - the +5 large shield of Evuseepo (worn) {*Corrode rPois Dex+8 SInv}
   (You acquired it on level 4 of the Dungeon)

   It affects your dexterity (+8).
   It protects you from poison.
   It lets you see invisible.
   It may corrode you when you take damage.
 f - a +2 hat (worn)
 g - a +0 cloak (worn)
 F - a +0 robe (worn)
 H - a +0 troll leather armour
Rods
 r - a +2 iron rod (11/11)
   (You found it on level 3 of the Dungeon)
Jewellery
 a - a cursed ring of loudness {unknown}
 B - a ring of magical power (right claw)
 D - an amulet of guardian spirit (around neck)
 I - the ring "Uxole" (left claw) {MP-9 AC+2 Str-2 Dex+6 Slay+4}
   (You found it on level 9 of the Dungeon)

   [ring of protection]

   It affects your AC (+2).
   It affects your strength (-2).
   It affects your dexterity (+6).
   It affects your accuracy and damage with ranged weapons and melee attacks
   (+4).
   It affects your magic capacity (-9).
 L - an uncursed ring of wizardry
Wands
 w - a wand of confusion (25/48)
 E - a wand of lightning (0/15)
 J - a wand of disintegration (0/24)
Scrolls
 c - 3 scrolls of magic mapping
 k - a scroll of teleportation
 s - a scroll of immolation
 y - 5 scrolls of remove curse
 M - a scroll of recharging
Potions
 j - a potion of ambrosia {unknown}
 m - 4 potions of flight
 o - a potion of curing
 q - a potion of brilliance
 t - 4 potions of might
 u - 2 potions of magic
 v - 5 potions of agility
 C - a potion of cancellation {unknown}
Books
 e - a book of the Sky

   Spells                             Type                      Level
   a - Summon Lightning Spire         Summoning/Air                4
   b - Airstrike                      Air                          4
   c - Silence                        Hexes/Air                    5
   d - Deflect Missiles               Charms/Air                   6
   e - Conjure Ball Lightning         Conjuration/Air              6
   f - Tornado                        Air                          9
 h - Alle's Collected Works on Icy Poisoning
   (You found it on level 11 of the Dungeon)

   Spells                             Type                      Level
   a - Ensorcelled Hibernation        Hexes/Ice                    2
   b - Ice Form                       Ice/Transmutation            4
   c - Olgreb's Toxic Radiance        Poison                       4
   d - Alistair's Intoxication        Transmutation/Poison         5
 x - a book of Misfortune

   Spells                             Type                      Level
   a - Confusing Touch                Hexes                        1
   b - Confuse                        Hexes                        3
   c - Gell's Gravitas                Hexes/Translocation          3
   d - Petrify                        Transmutation/Earth          4
   e - Metabolic Englaciation         Hexes/Ice                    5
   f - Yara's Violent Unravelling     Hexes/Transmutation          5
Miscellaneous
 G - a box of beasts
Comestibles
 b - 11 bread rations
 i - 6 meat rations
 l - 8 slices of pizza
 n - 37 chunks of flesh
 z - a beef jerky


   Skills:
 - Level 4.3 Fighting
 - Level 4.3 Dodging
 - Level 1.0 Stealth
 + Level 12.3 Shields
 + Level 14.9 Unarmed Combat
 + Level 3.7 Invocations


You had 12 spell levels left.
You didn't know any spells.

Dungeon Overview and Level Annotations

Branches:
Dungeon (11/15)            Temple (1/1) D:6            Lair (0/6) D:10
    Orc (2/2) D:11            Elf (0/3) Orc:2

Altars:
Ashenzari
Cheibriados
Dithmenos
Elyvilon
Fedhas
Gozag
Hepliaklqana
Kikubaaqudgha
Makhleb
Nemelex Xobeh
Okawaru
Qazlal
Ru
Sif Muna
Trog
Uskayaw
Vehumet
Xom
Yredelemnul
Zin
The Shining One
Beogh

Shops:
D:9 *   D:10 :   Orc:2 *(


Innate Abilities, Weirdness & Mutations

You are too large for most types of armour.
You have claws for hands.
Your metabolism is lightning-fast.
You like to eat raw meat.
Your natural rate of healing is unusually fast.
You are covered in fur. (AC +1)
You have very tough skin. (AC +2)
You are surrounded by a mild repulsion field. (EV +2)
Scrolls take you a little longer to read.
You possess an exceptional clarity of mind.
Your flesh is cold resistant. (rC+)
Armour fits poorly on your strangely shaped body.
Your spells are a little harder to cast, but a little more powerful.


Message History

You kill the orc priest!
Cheibriados thoroughly appreciates the change of pace.
You block the orc's attack. The orc closely misses you.
You scratch the ynoxinul.
The ynoxinul is lightly wounded.
The ynoxinul gestures at you. The iron shot hits you!
* * * LOW HITPOINT WARNING * * *
You block the orc's attack.
You mangle the ynoxinul!!
The ynoxinul is almost dead.
You block the orc's attack.
The orc high priest prays to Beogh.
The ynoxinul gestures at you. You block the iron shot.
You claw the ynoxinul!
You kill the ynoxinul!
You block the orc's attack. x2
The orc high priest invokes the aid of Beogh against you.
Beogh smites you!
You die...

###### ### .. ..... ..
... .... .. ..######..#
.# ..#∩.).#..# .#
..#))..#..#######o###.##
..#.)..#..))))..@)o.....
..###)##..###)###o.44...
.....)....# #.# ..8...8
..###)###.# #.# .......
..#.[)).#.# #.# .###'##
).#.....#.. ... .# ..
÷.#.....#.###.# .# .
..#∩....#o# #.# .#
..#######.# #.#


You could see an orc high priest, a chaos spawn, a red devil and 2 orcs.

Vanquished Creatures
  Gastronok (D:8)
  The ghost of crawlian the Arsonist, a journeyman DEFE of Sif Muna (D:11)
  6 orc high priests (Orc:2)
  The ghost of Zorot the Grappler, a novice TrMo (D:7)
  A flayed ghost (D:11)
  A deep elf archer (D:10)
  4 hill giants
  The ghost of crawlian the Arsonist, a novice DEFE of Vehumet (D:8)
  An orc knight (D:11)
  Pikel (D:5)
  An ugly thing (D:11)
  5 cyclopes
  An orc sorcerer (Orc:1)
  A manticore (D:10)
  Joseph (D:9)
  A gargoyle (D:6)
  2 centaur skeletons (D:11)
  A kobold demonologist (D:11)
  A yaktaur (D:11)
  A komodo dragon (D:10)
  The ghost of KristoblXynda the Covered, a novice HaFi of Uskayaw (D:5)
  Prince Ribbit (D:5)
  5 trolls
  A two-headed ogre (D:8)
  A hornet (D:11)
  5 hippogriffs
  A shadow (D:11)
  2 wyverns
  2 wraiths
  A spriggan (D:8)
  9 yaks
  Eustachio (D:5)
  2 hungry ghosts (D:11)
  9 wargs
  2 ice beasts
  12 orc warriors
  2 slaves (D:5)
  2 necrophages
  14 ogres
  2 phantoms (D:11)
  2 black bears
  A sky beast (D:5)
  3 eyes of draining
  2 centaurs
  Blork the orc (D:4)
  4 big kobolds
  6 bullfrogs
  6 scorpions
  2 troll zombies (D:11)
  3 killer bees (D:8)
  12 wights
  9 crimson imps
  2 centaur zombies (D:7)
  3 quasits
  4 hounds
  A jelly (D:8)
  25 orc priests
  A bullfrog skeleton (D:4)
  9 orc wizards
  An iguana (D:4)
  Ijyb (D:2)
  8 worker ants
  6 ogre zombies (D:11)
  3 hound skeletons
  A howler monkey zombie (D:7)
  2 worker ant zombies
  13 gnolls
  A howler monkey skeleton (D:5)
  10 adders
  3 river rats (Sewer)
  A shadow imp (D:8)
  A white imp (D:5)
  An ooze (Sewer)
  2 adder zombies (D:5)
  4 adder skeletons
  4 worms
  4 dart slugs
  9 leopard geckos
  83 orcs
  6 ball pythons (Sewer)
  4 giant cockroaches
  10 goblins
  2 hobgoblins
  8 jackals
  5 quokkas
  8 bats
  6 frilled lizards
  2 goblin skeletons (D:11)
  2 goblin zombies (D:11)
  A hobgoblin skeleton (D:11)
  3 hobgoblin zombies (D:11)
  A jackal skeleton (D:6)
  34 kobolds
  2 leopard gecko skeletons
  3 orc skeletons (D:11)
  14 orc zombies (D:11)
  A quokka skeleton (D:8)
  27 rats
501 creatures vanquished.

Vanquished Creatures (others)
  2 slaves (D:5)
  An orc priest (Orc:1)
  A worker ant (D:5)
  A jackal (D:5)
  A plant (D:10)
6 creatures vanquished.

Grand Total: 507 creatures vanquished

Notes
Turn   | Place    | Note
-------+----------+-------------------------------------------
     0 | D:1      | KristoblXynda the Troll Monk began the quest for the Orb.
     0 | D:1      | Reached XP level 1. HP: 22/22 MP: 0/0
   391 | D:1      | Reached XP level 2. HP: 13/29 MP: 1/1
   701 | D:1      | Reached XP level 3. HP: 36/36 MP: 2/2
  1918 | D:2      | Noticed Ijyb
  1936 | D:2      | Reached XP level 4. HP: 18/45 MP: 3/3
  1950 | D:2      | Killed Ijyb
  2711 | D:3      | Found a glowing silver altar of Zin.
  2770 | D:4      | Reached XP level 5. HP: 48/53 MP: 4/4
  2786 | D:4      | Found a glowing drain.
  2790 | D:4      | Reached skill level 4 in Unarmed Combat
  2803 | Sewer    | Entered a sewer
  3184 | Sewer    | Reached XP level 6. HP: 49/62 MP: 5/5
  3548 | D:4      | Identified a scroll of acquirement
  3560 | D:4      | Noticed Blork the orc
  3567 | D:4      | Killed Blork the orc
  3659 | D:4      | Got an ancient large shield
  3666 | D:4      | Identified the +5 large shield of Evuseepo {*Corrode rPois Dex+8 SInv} (You acquired it on level 4 of the Dungeon)
  3820 | D:4      | Reached skill level 5 in Unarmed Combat
  3820 | D:4      | Reached XP level 7. HP: 61/71 MP: 6/6
  3953 | D:4      | Reached skill level 1 in Shields
  4332 | D:5      | Entered Level 5 of the Dungeon
  4490 | D:5      | Noticed KristoblXynda's ghost (novice HaFi)
  4506 | D:5      | Killed KristoblXynda's ghost
  4506 | D:5      | Reached skill level 6 in Unarmed Combat
  4506 | D:5      | Reached XP level 8. HP: 54/79 MP: 7/7
  4507 | D:5      | Noticed Prince Ribbit
  4519 | D:5      | Killed Prince Ribbit
  4588 | D:5      | Noticed Pikel
  4599 | D:5      | Reached skill level 7 in Unarmed Combat
  4625 | D:5      | Killed Pikel
  4625 | D:5      | Reached skill level 5 in Shields
  4625 | D:5      | Reached skill level 8 in Unarmed Combat
  4668 | D:5      | Noticed Eustachio
  4692 | D:5      | Killed Eustachio
  4692 | D:5      | Reached XP level 9. HP: 85/85 MP: 8/8
  5272 | D:6      | Found a staircase to the Ecumenical Temple.
  5283 | Temple   | Entered the Ecumenical Temple
  5378 | Temple   | Became a worshipper of Cheibriados the Contemplative
  5378 | Temple   | Reached * piety under Cheibriados
  5378 | Temple   | Reached ** piety under Cheibriados
  5488 | D:6      | Noticed a gargoyle
  5503 | D:6      | Killed a gargoyle
  5503 | D:6      | Reached skill level 9 in Unarmed Combat
  6162 | D:7      | Reached *** piety under Cheibriados
  6273 | D:7      | Noticed Zorot's ghost (novice TrMo)
  6288 | D:7      | Killed Zorot's ghost
  6288 | D:7      | Reached skill level 10 in Unarmed Combat
  6288 | D:7      | Reached XP level 10. HP: 94/94 MP: 9/9
  7050 | D:8      | Found an ancient bone altar of Kikubaaqudgha.
  7064 | D:8      | Reached **** piety under Cheibriados
  7530 | D:8      | Found a deep blue altar of Sif Muna.
  7715 | D:8      | Noticed Gastronok
  7716 | D:8      | Noticed crawlian's ghost (novice DEFE)
  7719 | D:8      | Killed crawlian's ghost
  7719 | D:8      | Reached skill level 11 in Unarmed Combat
  7729 | D:8      | Killed Gastronok
  8087 | D:9      | Noticed Joseph
  8102 | D:9      | Killed Joseph
  8102 | D:9      | Reached XP level 11. HP: 97/101 MP: 8/10
  8267 | D:9      | Found Ziecefue's Assorted Antiques.
  8343 | D:9      | Reached ***** piety under Cheibriados
  8407 | D:9      | Reached skill level 12 in Unarmed Combat
  8617 | D:9      | Found a sacrificial altar of Ru.
  8622 | D:9      | Got a flickering amber ring
  8624 | D:9      | Identified the ring "Uxole" {MP-9 AC+2 Str-2 Dex+6 Slay+4} (You found it on level 9 of the Dungeon)
  8719 | D:9      | Found a radiant altar of Vehumet.
  8725 | D:9      | Found a deep blue altar of Sif Muna.
  8872 | D:10     | Entered Level 10 of the Dungeon
  8902 | D:10     | Noticed a hill giant
  8912 | D:10     | Noticed a deep elf archer
  9126 | D:10     | Killed a deep elf archer
  9126 | D:10     | Reached skill level 10 in Shields
  9314 | D:10     | Killed a hill giant
  9380 | D:10     | Found a staircase to the Lair.
  9394 | D:10     | Reached skill level 13 in Unarmed Combat
  9415 | D:10     | Found Venogawn's Book Shop.
  9506 | D:10     | Noticed a hill giant
  9522 | D:10     | Killed a hill giant
  9555 | D:10     | Gained mutation: Your flesh is cold resistant. (rC+) [potion of mutation]
  9555 | D:10     | Gained mutation: You are frail. (-10% HP) [potion of mutation]
  9555 | D:10     | Gained mutation: Scrolls take you a little longer to read. [potion of mutation]
  9556 | D:10     | Gained mutation: You possess an exceptional clarity of mind. [potion of mutation]
  9556 | D:10     | Gained mutation: You are surrounded by a mild repulsion field. (EV +2) [potion of mutation]
  9556 | D:10     | Lost mutation: You are frail. (-10% HP) [potion of mutation]
  9557 | D:10     | Gained mutation: Armour fits poorly on your strangely shaped body. [potion of mutation]
  9557 | D:10     | Gained mutation: Your spells are a little harder to cast, but a little more powerful. [potion of mutation]
  9774 | D:11     | Noticed a sixfirhy
  9801 | D:11     | Reached XP level 12. HP: 109/109 MP: 4/11
  9859 | D:11     | Found a blossoming altar of Fedhas.
  9873 | D:11     | Noticed crawlian's ghost (journeyman DEFE)
  9875 | D:11     | Reached ****** piety under Cheibriados
  9888 | D:11     | Killed crawlian's ghost
 10091 | D:11     | Reached skill level 14 in Unarmed Combat
 10094 | D:11     | Identified Alle's Collected Works on Icy Poisoning
 10294 | D:11     | Found a staircase to the Orcish Mines.
 10542 | Orc:1    | Entered Level 1 of the Orcish Mines
 10660 | Orc:1    | Reached skill level 1 in Invocations
 10679 | Orc:1    | Found a roughly hewn altar of Beogh.
 11002 | Orc:2    | Entered Level 2 of the Orcish Mines
 11017 | Orc:2    | Found a roughly hewn altar of Beogh.
 11243 | Orc:2    | Found a staircase to the Elven Halls.
 11360 | Orc:2    | Found Sixar's General Store.
 11360 | Orc:2    | Noticed an orc high priest
 11360 | Orc:2    | Noticed an orc high priest
 11371 | Orc:2    | Killed an orc high priest
 11381 | Orc:2    | Killed an orc high priest
 11474 | Orc:2    | Bought a potion of heal wounds for 55 gold pieces
 11478 | Orc:2    | Found Vepuaff's Weapon Boutique.
 11478 | Orc:2    | Noticed an orc high priest
 11494 | Orc:2    | Killed an orc high priest
 11549 | Orc:2    | Reached XP level 13. HP: 104/115 MP: 12/14
 11594 | Orc:2    | HP: 1/115 [orc priest/divine providence (11)]
 11603 | Orc:2    | HP: 1/115 [orc priest/divine providence (14)]
 11682 | Orc:2    | Killed from afar by an orc high priest

Vault maps used:
D:1:      evilmike_arrival_crescent, serial_park_tiny_1
D:2:      kennysheep_the_goblin_king, first_bread
D:3:      nicolae_overflow_hidden_temple, kennysheep_generic_room_14
D:4:      kb_forest_paths, portal_sewer_entry_d, roderic_curled_sauvastika,
          uniq_blork_the_orc
D:5:      hangedman_abyss_or_decor_stabs, minmay_fire_ice_demons,
          uniq_eustachio, uniq_prince_ribbit1, uniq_pikel
D:8:      kiku_gazebo_pond_becter, grunt_pizzeria, lemuel_blue_sif_altar,
          uniq_gastronok
D:9:      minitemple, serial_corexii_hall, corexii_hall_statues_l,
          corexii_hall_statues_s, corexii_hall_statues_t,
          corexii_hall_statues_l, corexii_hall_statues_u,
          corexii_hall_statues_i, serial_shops, shop, hangedman_glass_teeth,
          nicolae_ru_awakened_eye, uniq_joseph
D:10:     minmay_cut_squares, david_lair_shrubbed, serial_shops, shop
D:11:     minmay_shrinking_squares, zombieorc2_lemuel, basic_altar
Temple:   minmay_crystal_spiral_temple
Orc:1:    basic_altar
Orc:2:    st_orc_town, mines2_david
Sewer:    sewer_minmay_treatment

Skill      XL: |  1  2  3  4  5  6  7  8  9 10 11 12 13 |
---------------+----------------------------------------+-----
Dodging        | 3 4 |  4.3
Fighting       | 3 4 |  4.3
Unarmed Combat | 4 5 6 8 10 11 13 14 | 14.9
Shields        | 3 5 7 9 10 12 | 12.3
Invocations    | 2 3 |  3.7
Stealth        | |  1.0

Action                   |  1- 3 |  4- 6 |  7- 9 | 10-12 | 13-15 || total
-------------------------+-------+-------+-------+-------+-------++-------
Melee: Unarmed           |    89 |   210 |   330 |   672 |    63 ||  1364
       Punch             |     1 |     3 |       |       |       ||     4
Evoke: Wand              |       |       |       |       |     7 ||     7
  Use: Scroll            |       |    12 |     4 |    12 |       ||    28
       Potion            |       |       |       |    11 |     7 ||    18
 Stab: Sleeping          |     4 |       |     9 |    10 |       ||    23
       Distracted        |       |       |     1 |     1 |       ||     2
  Eat: Chunk             |    18 |    18 |    20 |    40 |     1 ||    97
       Pizza             |       |       |     1 |       |       ||     1
Armor: Robe              |    28 |    98 |    21 |    76 |     2 ||   225
Dodge: Dodged            |    65 |   178 |    46 |   232 |    10 ||   531
Block: Large shield      |       |     2 |   240 |  1017 |    86 ||  1345
